 Dungeon Sprint DCSS version 0.29-a0-307-gecccbbdb84 (webtiles) character file.

Game seed: 5187140382718300575

793 Conn the Arsonist (level 7, -1/41 HPs)
             Began as an Octopode Fire Elementalist on Mar 27, 2022.
             Was an Initiate of Sif Muna.
             Slain by a hornet (10 damage)
             ... in the Dungeon (Sprint II: "The Violet Keep of Menkaure").
             The game lasted 00:07:53 (561 turns).

Conn the Arsonist (Octopode Fire Elementalist)       Turns: 561, Time: 00:07:53

Health: -1/41      AC:  1    Str:  8    XL:     7   Next: 88%
Magic:  15/18      EV: 14    Int: 25    God:    Sif Muna [......]
Gold:   21         SH:  0    Dex: 12    Spells: 8/21 levels left

rFire   . . .      SeeInvis .   (no weapon)
rCold   . . .      Faith    .   (no shield)
rNeg    . . .      Spirit   .   (helmet restricted)
rPois   .          Reflect  .   b - amulet of Opnolap {RegenMP Int+6}
rElec   .          Harm     .   (no ring)
rCorr   .          Rampage  .   (no ring)
Will    .....      NoTele   +   (no ring)
Stlth   ++++......              (no ring)
HPRegen 0.13/turn               (no ring)
MPRegen 0.56/turn               (no ring)
                                (no ring)
                                (no ring)

@: lethally poisoned (-1 -> -15), slowed, very slow
A: almost no armour, amphibious, 8 rings, camouflage 1, gelatinous body 1,
(nimble swimmer 1), tentacles
a: Renounce Religion


You were in the Dungeon.
You worshipped Sif Muna.
Sif Muna was noncommittal.
You visited 1 branch You collected 741 gold pieces.
You spent 720 gold pieces at shops.

Inventory:

Jewellery
 b - the amulet of Opnolap (around mantle) {RegenMP Int+6}
   (You bought it in a shop in the Dungeon)

   [amulet of magic regeneration]

   It increases your rate of magic regeneration.
   Int:       It affects your intelligence (+6).
Scrolls
 c - a scroll of fear
 d - a scroll of blinking
Potions
 a - a potion of magic


   Skills:
 + Level 0.1 Fighting
 + Level 5.3 Dodging
 + Level 6.9 Stealth
 + Level 7.5 Spellcasting
 * Level 7.1 Conjurations
 + Level 1.6 Hexes
 + Level 11.3 Fire Magic


You had 8 spell levels left.
You knew the following spells:

 Your Spells              Type           Power      Damage    Failure   Level
a - Foxfire               Conj/Fire      100%       2x1d9     1%          1
b - Conjure Flame         Conj/Fire      53%        6-21      1%          3
c - Inner Flame           Hex/Fire       42%        N/A       1%          3
d - Flame Wave            Conj/Fire      53%        2d11      1%          4
e - Scorch                Fire           100%       2d10      1%          2

Your spell library contained the following spells:

 Spells                   Type           Power      Damage    Failure   Level


Dungeon Overview and Level Annotations

Branches:
Dungeon (1/1)

Altars:
Cheibriados
Dithmenos
Elyvilon
Fedhas
Gozag
Hepliaklqana
Kikubaaqudgha
Makhleb
Nemelex Xobeh
Okawaru
Qazlal
Ru
Sif Muna
Trog
Uskayaw
Vehumet
Wu Jian
Xom
Yredelemnul
Zin
The Shining One
Beogh
Jiyva
Lugonu

Shops:
D [:!:([*?[==(=:!

Annotations:
D exclusion: oklob plant


Innate Abilities, Weirdness & Mutations

You cannot wear most types of armour.
You are amphibious.
You can wear up to eight rings at the same time.
Your skin changes colour to match your surroundings (Stealth+).
Your rubbery body absorbs attacks. (AC +1, EV +1)
((You are camouflaged when in or above water. (Stealth+)))
You have tentacles for arms and can constrict up to eight enemies at once.


Message History

Unknown command.
You open the door.
The foxfire hits the hornet.
The hornet is lightly wounded.
The hornet is engulfed in a cloud of scalding steam.
The hornet stings you!
You are poisoned.
You feel yourself slow down.
Your foxfire dissipates!
Unknown command.
Casting: Foxfire (safe; 1% risk of failure)
Confirm with . or Enter, or press ? or * to list all spells.
Okay, then.
You feel better.
Your foxfire dissipates!
The foxfire hits the hornet but does no damage.
The hornet is lightly wounded.
The hornet is engulfed in a cloud of scalding steam.
The hornet stings you.
You are poisoned.
You feel as though you will be slow longer.
The yaktaur is engulfed in a cloud of scalding steam.
The hornet is engulfed in a cloud of scalding steam.
The hornet stings you!
You are lethally poisoned!
You feel as though you will be slow longer.
The polar bear is engulfed in a cloud of scalding steam.
Casting: Foxfire (safe; 1% risk of failure)
Confirm with . or Enter, or press ? or * to list all spells.
Casting: Flame Wave (dangerous; 1% risk of failure)
Press: ? - help, Dir - look around, f - activate A wave of flame ripples out!
The flame wave engulfs the hornet!
The hornet is severely wounded. (Press . to intensify the flame waves.)
* * * LOW HITPOINT WARNING * * *
You feel very sick. The hornet stings you.
* * * LOW HITPOINT WARNING * * *
You feel as though you will be slow longer.
The hornet stings you!
You die...

#....# ...# ###..## #..#
.#▓([=[!??$ +###.##..# +..#
.#▓[?[)![?[▓ .##...#..# #..#
.#▓$(?)![!!▓
<.÷##.+÷.####..##.#▓((?!$[(!
.##...#....###..h##▓▓▓▓▓▓▓+▓
†###.##......≈≈hc≈h≈≈≈≈≈≈≈..
#.####≈≈.....≈#y########+###
##.#≈≈§≈≈§§..≈#.@..._..#S≈≈##
#.##≈≈≈≈≈§§§§≈#.§.._._.#S§§§##
'##≈≈≈≈≈≈≈≈≈≈≈#..._._._#≈≈§§≈#
≈≈≈≈≈≈≈≈≈≈≈≈≈≈#.._._._.#≈§§≈≈≈
#+++#≈≈≈≈≈≈§≈§#._._._._#≈≈§≈ ≈
≈§≈≈##≈≈≈###≈≈#_._._._.#≈§≈≈≈S
S§§≈S##≈§# #§§#._._._._#≈≈§§§≈
≈S≈≈≈≈+≈≈# #§§#_._._...#≈§≈≈▓
≈≈≈≈≈##≈≈≈§§§§##########≈≈§≈▓z


You could see 3 polar bears, a yaktaur and a hornet.

Vanquished Creatures
  A wyvern (D)
  Menkaure (D)
  2 water moccasins (D)
  4 necrophages (D)
  4 scorpions (D)
  A hell rat (D)
13 creatures vanquished.

Vanquished Creatures (others)
  A wyvern (D)
  55 foxfires (D)
56 creatures vanquished.

Grand Total: 69 creatures vanquished

Notes
Turn   | Place    | Note
-------+----------+-------------------------------------------
     0 | D        | Conn the Octopode Fire Elementalist began the quest for the
                  | Orb.
     0 | D        | Reached XP level 1. HP: 11/11 MP: 3/3
     1 | D        | Noticed a scorpion
     1 | D        | Noticed a scorpion
     9 | D        | Killed a scorpion
    10 | D        | Reached skill level 6 in Fire Magic
    10 | D        | Reached XP level 2. HP: 6/17 MP: 4/6
    10 | D        | Reached XP level 3. HP: 8/21 MP: 4/7
    23 | D        | Learned a level 3 spell: Conjure Flame
    27 | D        | Learned a level 3 spell: Inner Flame
    45 | D        | Noticed a wyvern
    45 | D        | Noticed a wyvern
    50 | D        | Noticed a necrophage
    50 | D        | Noticed a necrophage
    50 | D        | Noticed a necrophage
    50 | D        | Noticed a necrophage
    56 | D        | Killed a necrophage
    57 | D        | Reached skill level 7 in Fire Magic
    57 | D        | Reached XP level 4. HP: 5/27 MP: 1/10
    65 | D        | Killed a necrophage
    65 | D        | Killed a necrophage
    66 | D        | Reached skill level 5 in Stealth
    66 | D        | Reached skill level 5 in Spellcasting
    66 | D        | Reached skill level 8 in Fire Magic
    66 | D        | Reached XP level 5. HP: 7/31 MP: 6/12
    66 | D        | Reached XP level 6. HP: 8/36 MP: 6/13
    77 | D        | Reached skill level 9 in Fire Magic
   103 | D        | Noticed a water moccasin
   107 | D        | Noticed Menkaure
   111 | D        | Noticed a water moccasin
   114 | D        | Killed a water moccasin
   115 | D        | Reached skill level 5 in Dodging
   115 | D        | Reached skill level 5 in Conjurations
   115 | D        | Reached skill level 1 in Hexes
   115 | D        | Reached skill level 10 in Fire Magic
   115 | D        | Killed a water moccasin
   115 | D        | Killed Menkaure
   116 | D        | Reached XP level 7. HP: 20/41 MP: 11/16
   126 | D        | Killed a wyvern
   282 | D        | Learned a level 4 spell: Flame Wave
   285 | D        | Learned a level 2 spell: Scorch
   297 | D        | Killed a wyvern
   349 | D        | Found Cianac's Book Shoppe.
   349 | D        | Found Forghofos's Distillery.
   350 | D        | Found Coipt's Antique Weapon Emporium.
   350 | D        | Found Kenujax's Jewellery Shoppe.
   351 | D        | Found Wulialot's Jewellery Shoppe.
   351 | D        | Found Nyowaath's Jewellery Emporium.
   352 | D        | Found Kierul's Antique Armour Shoppe.
   353 | D        | Found Maga's Magic Scroll Shoppe.
   353 | D        | Found Xieguxt's General Store.
   354 | D        | Found Plog's Antique Armour Shoppe.
   354 | D        | Found Qytit's Weapon Emporium.
   354 | D        | Noticed a wyvern
   354 | D        | Noticed a wyvern
   355 | D        | Noticed a wyvern
   364 | D        | Reached skill level 11 in Fire Magic
   385 | D        | Found Woyptap's Book Shoppe.
   385 | D        | Found Nere's Distillery.
   385 | D        | Noticed an oklob plant
   386 | D        | Found Ujetus's Armour Shoppe.
   386 | D        | Found Weiffycu's Book Shoppe.
   399 | D        | Noticed a fire dragon
   410 | D        | Bought the amulet of Opnolap {RegenMP Int+6} for 545 gold
                  | pieces
   438 | D        | Bought a scroll of fear for 45 gold pieces
   438 | D        | Bought a scroll of blinking for 97 gold pieces
   442 | D        | Bought a potion of curing for 33 gold pieces
   478 | D        | Found an opulent altar of Gozag.
   478 | D        | Found an iron altar of Okawaru.
   479 | D        | Found a blossoming altar of Fedhas.
   479 | D        | Found a sparkling altar of Nemelex Xobeh.
   480 | D        | Found a white marble altar of Elyvilon.
   480 | D        | Found a burning altar of Makhleb.
   480 | D        | Found a radiant altar of Vehumet.
   481 | D        | Found a shadowy altar of Dithmenos.
   481 | D        | Found a corrupted altar of Lugonu.
   481 | D        | Found a hide-covered altar of Uskayaw.
   482 | D        | Found a snail-covered altar of Cheibriados.
   482 | D        | Found an ancient bone altar of Kikubaaqudgha.
   482 | D        | Found a bloodstained altar of Trog.
   483 | D        | Found a viscous altar of Jiyva.
   483 | D        | Found a shimmering blue altar of Sif Muna.
   483 | D        | Found a basalt altar of Yredelemnul.
   484 | D        | Found a hazy altar of Hepliaklqana.
   484 | D        | Found a sacrificial altar of Ru.
   485 | D        | Found a shimmering altar of Xom.
   485 | D        | Noticed a polar bear
   486 | D        | Found a stormy altar of Qazlal.
   486 | D        | Found an ornate altar of the Wu Jian Council.
   486 | D        | Found a glowing golden altar of the Shining One.
   486 | D        | Noticed a hornet
   486 | D        | Noticed a polar bear
   486 | D        | Noticed a polar bear
   487 | D        | Found a glowing silver altar of Zin.
   487 | D        | Noticed a yaktaur
   493 | D        | Became a worshipper of Sif Muna the Loreminder
   496 | D        | Noticed a flying skull
   496 | D        | Noticed a flying skull
   561 | D        | Slain by a hornet

Illustrated notes

Levels and vault maps discovered:
D:        the_violet_keep_of_menkaure [sprint2_stairs_cluster_1,
          sprint2_shoproom, sprint2_temple, sprint2_basic_supplies,
          sprint2_obstacle_7, sprint2_obstacle_3, sprint2_obstacle_5,
          sprint2_obstacle_2, sprint2_obstacle_6, sprint2_timed_cluster_1,
          sprint2_smallroom_cluster_1, sprint2_smallroom_final_cluster_1,
          sprint2_transparent_cluster_1, sprint2_second_timed_cluster_1,
          sprint2_sniper_area_1, sprint2_heavy_combat_area_1,
          sprint2_mutation_trap_area_1, sprint2_forest_area_1,
          sprint2_light_combat_area_1, sprint2_behind_water_1,
          sprint2_near_end_vault_1]

Skill      XL: |  1  2  3  4  5  6  7 |
---------------+----------------------+-----
Dodging        | 3 4 5 |  5.3
Stealth        | 4 5 6 |  6.9
Spellcasting   | 3 4 5 6 7 |  7.5
Fire Magic     | 6 7 8 10 11 | 11.3
Conjurations   | 2 4 5 7 |  7.1
Hexes          | 1 |  1.6
Fighting       | |  0.1

Action                   |  1- 3 |  4- 6 |  7- 9 || total
-------------------------+-------+-------+-------++-------
Melee: Unarmed           |     6 |       |     2 ||     8
       Tentacles         |     1 |       |     2 ||     3
       Constrict         |     1 |       |     1 ||     2
 Cast: Foxfire           |     2 |    16 |    14 ||    32
       Inner Flame       |     1 |     2 |       ||     3
       Scorch            |       |       |     4 ||     4
       Conjure Flame     |       |       |     1 ||     1
       Flame Wave        |       |       |     1 ||     1
  Use: Potion            |     3 |     3 |     1 ||     7
       Scroll            |       |     1 |       ||     1
Dodge: Dodged            |     4 |     2 |     1 ||     7

Table legend: (Time is in decaauts)
 A = Elapsed time spent in this place.
 B = Non-inter-level travel time spent in this place.
 C = Inter-level travel time spent in this place.
 D = Time resting spent in this place.
 E = Time spent auto-exploring this place.
 F = Levels seen in this place.
 G = Mean time per level.
                   A        B        C        D        E       F      G
               +--------+--------+--------+--------+--------+-----+--------+
         Total |    557 |    557 |      0 |    152 |      0 |   1 |  557.0 |
       Dungeon |    557 |    557 |      0 |    152 |      0 |   1 |  557.0 |
               +--------+--------+--------+--------+--------+-----+--------+

Top non-repeatable levels by time:
       D: 557 daAuts
